 Dungeon Crawl Stone Soup version 0.30-a0-622-gddc90eaa04 (webtiles) character file.

Game seed: 3107180033231463813

114 KarmaKiller the Cudgeller (level 4, -6/29 HPs)
             Began as a Gargoyle Berserker on Jan 10, 2023.
             Was a Follower of Trog.
             Splashed by a jelly's acid (9 damage)
             ... on level 4 of the Dungeon.
             The game lasted 00:17:16 (2857 turns).

KarmaKiller the Cudgeller (Gargoyle Berserker)      Turns: 2857, Time: 00:17:17

Health: -6/29      AC:  2    Str: 22    XL:     4   Next: 98%
Magic:  4/4        EV: 10    Int:  8    God:    Trog [*.....]
Gold:   135        SH:  5    Dex:  9    Spells: 3/3 levels left

rFire   . . .      SeeInvis .    a - +3 mace
rCold   . . .      Faith    .    g - orb {mayhem}
rNeg    + . .      Spirit   .    u - +0 scale mail
rPois   ∞          Reflect  +    (no helmet)
rElec   +          Harm     .    (no cloak)
rCorr   .          Rampage  .    (no gloves)
Will    .....                    (no boots) Stlth
                                 q - amulet of reflection
HPRegen 0.24/turn                (no ring)
MPRegen 0.09/turn                (no ring)

@: corroded
A: sickness immunity, AC +3, negative energy resistance 1, electricity
resistance, torment resistance 1, petrification resistance
a: Renounce Religion, Berserk


You were on level 4 of the Dungeon.
You worshipped Trog.
Trog was aware of your devotion.
You visited 1 branch of the dungeon, and saw 4 of its levels.

You collected 135 gold pieces.

Inventory:

Hand Weapons
 a - a +3 mace (weapon)
Armour
 g - an orb of mayhem (worn)
 s - a +0 kite shield
 u - a +0 scale mail (worn)
Jewellery
 j - a ring of magical power
 q - an amulet of reflection (around neck)
Scrolls
 c - a scroll of magic mapping
 d - a scroll of brand weapon {unknown}
 f - a scroll of torment
 h - a scroll of amnesia {unknown}
 k - a scroll of fear {unknown}
 l - 2 scrolls of silence
 o - a scroll of noise {unknown}
 r - a scroll of teleportation {unknown}
Potions
 b - a potion of berserk rage {unknown}
 e - a potion of heal wounds {unknown}
 m - a potion of lignification
 n - a potion of degeneration {unknown}
 p - 2 potions of curing
 t - a potion of brilliance {unknown}


   Skills:
 + Level 4.0 Fighting
 + Level 4.1 Maces & Flails
 + Level 3.0 Armour
 + Level 2.1 Dodging
 + Level 0.6 Stealth
 + Level 0.1 Shields


You had 3 spell levels left.
You didn't know any spells.
Your spell library was empty.

Dungeon Overview and Level Annotations

Branches:
Dungeon (4/15)
 Temple: D:4-7

Altars:
Ru
Sif Muna
Zin


Innate Abilities, Weirdness & Mutations

You are immune to sickness and miasma.
Your stone body is resilient. (AC +3)
You are immune to poison.
You resist negative energy. (rN+)
You are resistant to electric shocks. (rElec)
You are resistant to unholy torment.
You are immune to petrification.


Message History

There is an open door here.
Found 2 stones.
You see here 2 stones.
You see here a +0 dagger.
It was a potion of lignification.
You turn into a tree.
Your +0 scale mail melds into your body.
Your roots penetrate the ground.
You cannot move.
You cannot move.
You start resting.
Your transformation is almost over.
HP restored.
You feel less wooden.
Your +0 scale mail unmelds from your body.
There is a stone staircase leading down here.
You climb downwards.
There is a stone staircase leading up here.
Found a stone staircase leading down.
A jelly comes into view.
The jelly quivers.
The jelly completely misses you.
There is a stone staircase leading down here.
You barely miss the jelly. You block the jelly's attack.
You hit the jelly.
Your hands burn!
The jelly is moderately wounded.
The jelly barely misses you.
You sock the jelly! The acid corrodes you!
Your hands burn!
The jelly is severely wounded.
The jelly closely misses you.
You hit the jelly but do no damage.
Your hands burn!
The jelly is severely wounded.
The jelly closely misses you.
You hit the jelly.
Your hands burn!
The jelly is severely wounded.
The jelly hits you. The acid corrodes you!
You are splashed with acid.
* * * LOW HITPOINT WARNING * * *
The jelly hits you.
* * * LOW HITPOINT WARNING * * *
You are splashed with acid!
You die...

#.# #<#.# #.# #
#.#.# #.#
#.#.####.#.# #.#
#........#.# #.#
##.#....#.# #.#
###.##.# #.#
###.#....#.###.#
..............@#
###..........#J#
#..........#.#
#..........#.#
#..........#.#
#.##########.#
#. #.# # #.#


You could see a jelly.

Vanquished Creatures
  2 orc priests (D:3)
  An adder (D:3)
  3 orcs (D:3)
  3 ball pythons
  4 endoplasms
  3 giant cockroaches
  5 goblins
  4 hobgoblins
  3 jackals (D:1)
  2 quokkas (D:1)
  2 frilled lizards
  5 kobolds
  5 rats
42 creatures vanquished.

Vanquished Creatures (collateral kills)
  An orc (D:3)
1 creature vanquished.

Grand Total: 43 creatures vanquished

Notes
Turn   | Place    | Note
-------+----------+-------------------------------------------
     0 | D:1      | KarmaKiller the Gargoyle Berserker began the quest for the
                  | Orb.
     0 | D:1      | Reached XP level 1. HP: 14/14 MP: 1/1
   332 | D:1      | Reached XP level 2. HP: 19/19 MP: 2/2
  1194 | D:2      | Found a faded altar of an unknown god.
  1204 | D:2      | Reached XP level 3. HP: 23/24 MP: 3/3
  1763 | D:3      | Found a sacrificial altar of Ru.
  1880 | D:3      | Found a glowing silver altar of Zin.
  1881 | D:3      | Found a shimmering blue altar of Sif Muna.
  2448 | D:3      | Reached XP level 4. HP: 16/29 MP: 4/4
  2857 | D:4      | Splashed by a jelly's acid

Illustrated notes

Levels and vault maps discovered:
D:1:      amcnicky_arrival_blooded_trapdoor, layout_loops_ring, serial_forest,
          infiniplex_forest_zigzag_2, infiniplex_forest_straight_3,
          infiniplex_forest_clump_double, infiniplex_forest_straight_2,
          infiniplex_forest_clump_medium, infiniplex_forest_clump_small,
          minmay_pentomino_v4
D:2:      layout_loops_cross, chequers_ecumenical_altar_twisty
D:3:      layout_basic, mainiacjoe_overflow_divided_tiny,
          mainiacjoe_overflow_small_starburst
D:4:      layout_basic, amcnicky_altar_gilded, grunt_ministairs_14

Skill      XL: |  1  2  3  4 |
---------------+-------------+-----
Dodging        | 2 |  2.1
Fighting       | 4 |  4.0
Maces & Flails | 4 |  4.1
Armour         | 3 |  3.0
Stealth        | |  0.6
Shields        | |  0.1

Action                   |  1- 3 |  4- 6 || total
-------------------------+-------+-------++-------
Melee: Mace              |    98 |    17 ||   115
Invok: Berserk           |     3 |       ||     3
  Use: Scroll            |     7 |     1 ||     8
       Potion            |       |     1 ||     1
Armor: Animal skin       |    15 |       ||    15
       Ring mail         |    25 |       ||    25
       Scale mail        |     3 |     7 ||    10
Dodge: Dodged            |    41 |     7 ||    48
Block: Orb               |     8 |     2 ||    10
       Reflection        |     1 |       ||     1

Table legend: (Time is in decaauts)
 A = Elapsed time spent in this place.
 B = Non-inter-level travel time spent in this place.
 C = Inter-level travel time spent in this place.
 D = Time resting spent in this place.
 E = Time spent auto-exploring this place.
 F = Levels seen in this place.
 G = Mean time per level.
                   A        B        C        D        E       F      G
               +--------+--------+--------+--------+--------+-----+--------+
         Total |   2910 |   2910 |      0 |    242 |      0 |   4 |  727.5 |
       Dungeon |   2910 |   2910 |      0 |    242 |      0 |   4 |  727.5 |
               +--------+--------+--------+--------+--------+-----+--------+

Top non-repeatable levels by time:
     D:3: 1159 daAuts
     D:1: 944 daAuts
     D:2: 785 daAuts
     D:4: 20 daAuts
